 Dungeon Crawl Stone Soup version 0.26-a0-519-gb2f46ef (webtiles) character file.

Game seed: 19046654320968566

2010 McPants42 the Quickloader (level 9, -4/78 HPs)
             Began as a Minotaur Hunter on Aug 10, 2020.
             Was a Follower of Dithmenos.
             Slain by a two-headed ogre
             ... wielding a cursed +0 giant club
              (24 damage)
             ... on level 7 of the Dungeon.
             The game lasted 00:38:45 (6583 turns).

McPants42 the Quickloader (Minotaur Hunter)         Turns: 6583, Time: 00:38:46

Health: -4/78      AC:  8    Str: 18    XL:     9   Next: 2%
Magic:  8/8        EV: 12    Int:  8    God:    Dithmenos [*.....]
Gold:   314        SH:  0    Dex: 13    Spells: 8/8 levels left

rFire    . . .     SeeInvis .   a - +2 hand crossbow
rCold    + . .     Faith    .   (no shield)
rNeg     . . .     Spirit   .   I - +0 scale mail {rC+}
rPois    .         Reflect  .   (helmet restricted)
rElec    .         Harm     .   (no cloak)
rCorr    .                      u - +0 pair of gloves
MR       .....                  (no boots)
Stlth    ..........             x - amulet of regeneration
HPRegen  0.63/turn              (no ring)
MPRegen  0.11/turn              (no ring)

@: wreathed by umbra
A: retaliatory headbutt, horns 2
a: Renounce Religion


You were on level 7 of the Dungeon.
You worshipped Dithmenos.
Dithmenos was aware of your devotion.
You visited 1 branch of the dungeon, and saw 7 of its levels.

You collected 314 gold pieces.

Inventory:

Hand Weapons
 a - a +2 hand crossbow (weapon)
 b - a +0 short sword
 t - a +0 falchion
Missiles
 h - 16 boomerangs (quivered)
 m - 85 arrows
 n - 29 poisoned darts
Armour
 c - a +0 leather armour
 e - a +0 animal skin
 r - a +2 helmet
 u - a +0 pair of gloves (worn)
 v - a +0 ring mail
 B - a +0 robe of magic resistance
 C - a +0 ring mail
 F - a +2 leather armour of fire resistance
 I - a +0 scale mail of cold resistance (worn)
 L - a +0 barding
Jewellery
 k - a -4 ring of dexterity
 s - an uncursed ring of wizardry {unknown}
 w - an uncursed ring of ice
 x - an amulet of regeneration (around neck)
 G - an uncursed ring of flight {unknown}
Wands
 z - a wand of polymorph (10)
 D - a wand of random effects (13)
 J - a wand of iceblast (12)
Scrolls
 j - 2 scrolls of teleportation
 o - 2 scrolls of amnesia
 p - 4 scrolls of remove curse
 y - a scroll of noise {unknown}
Potions
 f - a potion of haste
 g - a potion of brilliance {unknown}
 i - a potion of lignification {unknown}
 l - a potion of invisibility {unknown}
 q - 3 potions of curing {unknown}
 A - a potion of stabbing {unknown}
 E - a potion of ambrosia {unknown}
 H - a potion of magic {unknown}
 K - 2 potions of degeneration {unknown}


   Skills:
 + Level 6.7 Fighting
 + Level 10.4 Crossbows
 + Level 0.3 Throwing
 + Level 4.2 Armour
 + Level 5.1 Dodging
 + Level 1.4 Stealth
 + Level 0.5 Evocations


You had 8 spell levels left.
You didn't know any spells.
Your spell library contained the following spells:

 Spells                   Type           Power        Failure   Level
 Beastly Appendage        Tmut           #.....       78%         1
 Wereblood                Tmut           #.......     89%         2
 Spider Form              Tmut/Pois      #.........   98%         3
 Ice Form                 Ice/Tmut       #.......     100%        4
 Blade Hands              Tmut           #.........   100%        5


Dungeon Overview and Level Annotations

Branches:
Dungeon (7/15)
 Temple: D:4-7

Altars:
Cheibriados
Dithmenos
Elyvilon
Fedhas
Nemelex Xobeh
Xom

Shops:
D:4 (


Innate Abilities, Weirdness & Mutations

You reflexively headbutt those who attack you in melee.
You have a pair of horns on your head.


Message History

Really attack while wielding your +2 hand crossbow?
Okay, then.
Throwing (i - inventory. (/) - cycle)
h - 16 boomerangs (quivered)
Press: ? - help, Shift-Dir - straight line, f - two-headed ogre
Aim: a two-headed ogre, wielding a +0 giant club and a +0 giant spiked club (heavily wounded, umbra)
You throw a boomerang.
The boomerang hits the two-headed ogre but does no damage.
The two-headed ogre is heavily wounded.
The two-headed ogre barely misses you.
The two-headed ogre hits you with a +0 giant spiked club.
* * * LOW HITPOINT WARNING * * *
Throwing (i - inventory. (/) - cycle)
h - 16 boomerangs (quivered)
Press: ? - help, Shift-Dir - straight line, f/p - two-headed ogre
Aim: a two-headed ogre, wielding a +0 giant club and a +0 giant spiked club (heavily wounded, umbra)
You throw a boomerang. The boomerang hits the two-headed ogre.
The two-headed ogre is heavily wounded.
The two-headed ogre hits you with a cursed +0 giant club.
* * * LOW HITPOINT WARNING * * *
The two-headed ogre hits you with a +0 giant spiked club!!
You die...

#.... #.... ... ._.
+..... .... ### #....##
..... ### #.....## .#
.....#######......# ..###
...)..............##.....
#. ....
#....#.(###@........ #.
....##...##(..###O....##
####.
..........(.(###.##.###
.....
....$.....#........>#
.....
.....h....##...##..##
.....
..#..#.##.#...#.....#
..... #
####.#####.###.##.#
.......
#........h#.....## .....)
#..#....O.O......# ....
.....


You could see a two-headed ogre.

Vanquished Creatures
  Grinder (D:6)
  Sigmund (D:6)
  A steam dragon (D:6)
  A water moccasin (D:7)
  Duvessa (D:4)
  A black bear (D:5)
  2 phantoms
  Blork the orc (D:4)
  A bullfrog (D:6)
  A scorpion (D:6)
  Dowan (D:4)
  A howler monkey (D:3)
  A hound (D:6)
  A bullfrog zombie (D:6)
  5 orc priests
  5 orc wizards
  2 worker ants
  An iguana (D:4)
  Terence (D:2)
  A hound zombie (D:6)
  A hound skeleton (D:6)
  Robin (D:2)
  3 gnolls (D:4)
  8 adders
  3 river rats (D:3)
  3 white imps
  3 ufetubi (D:6)
  2 oozes
  2 worms
  2 dart slugs
  6 leopard geckos
  13 orcs
  7 bats
  7 giant cockroaches
  14 goblins
  12 hobgoblins
  13 jackals
  5 kobolds
  5 quokkas
  3 ball pythons
  4 frilled lizards (D:1)
  9 rats
156 creatures vanquished.

Vanquished Creatures (others)
  A hound zombie (D:6)
1 creature vanquished.

Grand Total: 157 creatures vanquished

Notes
Turn   | Place    | Note
-------+----------+-------------------------------------------
     0 | D:1      | McPants42 the Minotaur Hunter began the quest for the Orb.
     0 | D:1      | Reached XP level 1. HP: 18/18 MP: 0/0
    67 | D:1      | Reached XP level 2. HP: 16/25 MP: 1/1
   352 | D:1      | Reached skill level 5 in Crossbows
   654 | D:1      | Reached XP level 3. HP: 30/30 MP: 2/2
  1129 | D:2      | You fall into a shaft and drop 1 floor!
  1129 | D:3      | Found a white marble altar of Elyvilon.
  1280 | D:2      | Noticed Robin
  1734 | D:2      | Reached XP level 4. HP: 34/37 MP: 3/3
  1737 | D:2      | Killed Robin
  1936 | D:2      | Reached skill level 1 in Armour
  1973 | D:2      | Noticed Terence
  1995 | D:2      | Killed Terence
  2003 | D:2      | Reached skill level 6 in Crossbows
  2849 | D:3      | Reached XP level 5. HP: 45/45 MP: 4/4
  3403 | D:4      | Noticed a phantom
  3440 | D:4      | Killed a phantom
  3440 | D:4      | Reached skill level 7 in Crossbows
  3440 | D:4      | Reached XP level 6. HP: 40/52 MP: 5/5
  3453 | D:4      | Noticed Dowan
  3520 | D:4      | Killed Dowan
  3920 | D:4      | Noticed Duvessa
  4029 | D:4      | Killed Duvessa
  4029 | D:4      | Reached XP level 7. HP: 38/60 MP: 6/6
  4110 | D:4      | Noticed Blork the orc
  4116 | D:4      | Killed Blork the orc
  4116 | D:4      | Reached skill level 8 in Crossbows
  4185 | D:4      | Reached skill level 1 in Stealth
  4463 | D:4      | Found Fuuc's Antique Weapon Boutique.
  4515 | D:4      | Found a snail-covered altar of Cheibriados.
  4516 | D:4      | Found a shimmering altar of Xom.
  4544 | D:5      | Entered Level 5 of the Dungeon
  4684 | D:4      | Reached skill level 5 in Fighting
  5364 | D:5      | Found a shadowy altar of Dithmenos.
  5371 | D:5      | Became a worshipper of Dithmenos the Shadowed
  5415 | D:6      | Noticed Sigmund
  5465 | D:6      | Noticed a steam dragon
  5476 | D:5      | Reached XP level 8. HP: 69/69 MP: 7/7
  5543 | D:6      | Reached skill level 9 in Crossbows
  5578 | D:6      | Noticed Grinder
  5602 | D:6      | Paralysed by Grinder for 5 turns
  5610 | D:5      | HP: 3/69 [black bear (4)]
  5854 | D:6      | Found a blossoming altar of Fedhas.
  5870 | D:6      | Paralysed by Grinder for 2 turns
  5878 | D:6      | Killed Grinder
  6086 | D:6      | Reached skill level 10 in Crossbows
  6328 | D:6      | Killed Sigmund
  6328 | D:6      | Reached skill level 5 in Dodging
  6340 | D:6      | Reached * piety under Dithmenos
  6538 | D:7      | Noticed a two-headed ogre
  6541 | D:7      | Found a sparkling altar of Nemelex Xobeh.
  6581 | D:7      | Reached XP level 9. HP: 28/78 MP: 8/8
  6583 | D:7      | Slain by a two-headed ogre

Illustrated notes

Levels and vault maps discovered:
D:1:      grunt_arrival_lava_bath, layout_basic, lemuel_old_faithful
D:2:      wad_woods_pond, layout_loops_ring, uniq_terence, uniq_robin
D:3:      layout_basic, overflow_temple_1_default, gup_sewer_entry_bubbles,
          st_stairs_3
D:4:      layout_basic, nicolae_overflow_hidden_temple, serial_shops, shop,
          uniq_duvessa, uniq_blork_the_orc
D:5:      layout_basic, nicolae_dithmenos_through_a_glass_darkly,
          minmay_misc_feat_diagonals
D:6:      layout_rooms, fedhas_ov_isle_minmay, uniq_grinder, uniq_sigmund
D:7:      layout_cave_pools, overflow_temple_1_default, lemuel_doored_altar,
          minmay_temple_entry_fiery, ebering_ghost_rock_garden

Skill      XL: |  1  2  3  4  5  6  7  8 |
---------------+-------------------------+-----
Crossbows      | 5 6 7 8 10 | 10.4
Armour         | 1 2 3 4 |  4.2
Fighting       | 3 4 5 6 |  6.7
Dodging        | 3 4 5 |  5.1
Stealth        | 1 |  1.4
Throwing       | |  0.3
Evocations     | |  0.5

Action                   |  1- 3 |  4- 6 |  7- 9 || total
-------------------------+-------+-------+-------++-------
 Fire: Hand crossbow     |    87 |   159 |   219 ||   465
Throw: Boomerang         |     4 |     3 |     7 ||    14
Evoke: Wand              |       |       |     3 ||     3
  Use: Scroll            |     1 |    10 |     2 ||    13
       Potion            |       |     2 |     2 ||     4
Armor: Leather armour    |    21 |    24 |    44 ||    89
       Scale mail        |       |       |     8 ||     8
Dodge: Dodged            |    65 |    51 |   106 ||   222

Table legend: (Time is in decaauts)
 A = Elapsed time spent in this place.
 B = Non-inter-level travel time spent in this place.
 C = Inter-level travel time spent in this place.
 D = Time resting spent in this place.
 E = Time spent auto-exploring this place.
 F = Levels seen in this place.
 G = Mean time per level.
                   A        B        C        D        E       F      G
               +--------+--------+--------+--------+--------+-----+--------+
         Total |   6685 |   6685 |      0 |    958 |    274 |   7 |  955.0 |
       Dungeon |   6685 |   6685 |      0 |    958 |    274 |   7 |  955.0 |
               +--------+--------+--------+--------+--------+-----+--------+

Top non-repeatable levels by time:
     D:1: 1533 daAuts
     D:3: 1160 daAuts
     D:4: 1145 daAuts
     D:5: 1117 daAuts
     D:2: 864 daAuts
     D:6: 747 daAuts
     D:7: 116 daAuts
